 Dungeon Crawl Stone Soup version 0.31-a0-325-g067879e3d3 (webtiles) character file.

Game seed: 6589447595430039158

553 lunkers the Insei (level 7, -6/60 HPs)
             Began as a Meteoran Shapeshifter on July 18, 2023.
             Mangled by Crazy Yiuf
             ... wielding a +4 quarterstaff of chaos
              (12 damage)
             ... on level 3 of the Dungeon.
             The game lasted 00:04:54 (1346 turns).

lunkers the Insei (Meteoran Shapeshifter)           Turns: 1346, Time: 00:04:56

Health: -6/60      AC:  5    Str: 16    XL:     7   Next: 86%
Magic:  8/8        EV: 13    Int: 10    God:
Gold:   124        SH:  0    Dex: 17    Spells: 6/6 levels left

rFire   . .          .
                       - Unarmed
rCold   . . .        (no shield)
rNeg    . . .        m - +0 ring mail
rPois   +            (helmet currently unavailable)
rElec   .            (cloak currently unavailable)
rCorr   .            (gloves currently unavailable)
SInv    .            (boots currently unavailable)
Will    .....        (no amulet)
Stlth   +            h - ring of poison resistance
HPRegen 0.30/turn    (no ring)
MPRegen 0.11/turn

%: no passive effects
@: beast-form, glowing
A: beast (slay +3), sense surroundings 1, otherworldly, glowing, explore regen
a: Begin Untransformation


You were on level 3 of the Dungeon.
You were a hulking beast.
You visited 1 branch of the dungeon, and saw 4 of its levels.

You collected 124 gold pieces.

Inventory:

Missiles
 b - a throwing net
Armour
 a - a +0 animal skin
 e - a +0 cloak
 f - a scarf of invisibility
 m - a +0 ring mail (worn)
 n - a +0 helmet
Jewellery
 h - a ring of poison resistance (left hand)
 i - an amulet of faith
Talismans
 c - a beast talisman
 o - a talisman of death
Scrolls
 g - 4 scrolls of identify {unknown}
 j - 2 scrolls of revelation {unknown}
 l - a scroll of blinking {unknown}
 q - 2 scrolls of teleportation {unknown}
Potions
 d - a potion of mutation {unknown}
 k - a potion of enlightenment {unknown}
 p - 2 potions of brilliance {unknown}


   Skills:
 + Level 4.3 Fighting
 + Level 4.8 Dodging
 * Level 5.8 Unarmed Combat
 + Level 5.0 Shapeshifting


You had 6 spell levels left.
You didn't know any spells.
Your spell library was empty.

Dungeon Overview and Level Annotations

Branches:
Dungeon (4/15) Zot: 1066
 Temple: D:4-7

Altars:
Vehumet

Shops:
D:3 *

Annotations:
D:3 Crazy Yiuf


Innate Abilities, Weirdness & Mutations

You are a hulking beast.
Your limbs bulge with bestial killing power. (Slay +3)
You passively map a small area around you.
You are easily found by Zot.
You glow in the dark.
You regain HP and MP as you explore.


Message History

The yak gores you!
* * * LOW HITPOINT WARNING * * *
You completely miss the yak.
The yak is severely wounded.
The yak gores you but does no damage.
Unknown command.
You punch the yak! You punch the yak.
You kill the yak!
Your Shapeshifting skill increases to level 5!
You see here a yak corpse.
Found a hammer.
Found a hammer.
Found a hammer.
Found a runed translucent door.
Crazy Yiuf shouts!
As you open the door, it creaks loudly!
Unknown command.
You hit Crazy Yiuf.
Crazy Yiuf is moderately wounded.
Crazy Yiuf hits you with a +4 quarterstaff of chaos!
* * * LOW HITPOINT WARNING * * *
Crazy Yiuf burns you.
* * * LOW HITPOINT WARNING * * *
You barely miss Crazy Yiuf.
Crazy Yiuf is moderately wounded.
Crazy Yiuf hits you with a +4 quarterstaff of chaos!
* * * LOW HITPOINT WARNING * * *
Crazy Yiuf freezes you.
* * * LOW HITPOINT WARNING * * *
Unknown command.
Unknown command.
Unknown command.
You hit Crazy Yiuf.
Crazy Yiuf is heavily wounded.
Crazy Yiuf hits you but does no damage.
You barely miss Crazy Yiuf.
Crazy Yiuf is heavily wounded.
You hit Crazy Yiuf.
Crazy Yiuf is severely wounded.
Crazy Yiuf hits you with a +4 quarterstaff of chaos!
You die...

#####..####))..#
#.....## ##..##
#.##### #PP.P#
####.# #..P##
.....# ##.##
.....# #.## .....#
##.# .....#######
#.## .........†>#
##h# ,*
.....#####.# #g# *
###### #.# *...*
#.# #...# ## #.#
#..)# * .# #.#
##### .# #.# * .#
#.# *,*
.#########.#######


You could see Crazy Yiuf.

Vanquished Creatures
  Grinder (D:3)
  A yak (D:3)
  A black bear (D:3)
  An adder (D:2)
  4 gnolls (D:2)
  2 dart slugs
  3 orcs (D:4)
  4 ball pythons
  3 bats
  8 endoplasms
  7 goblins
  10 hobgoblins
  4 jackals (D:2)
  4 quokkas
  3 frilled lizards (D:1)
  6 kobolds
  3 rats
65 creatures vanquished.

Notes
Turn   | Place    | Note
-------+----------+-------------------------------------------
     0 | D:1      | lunkers the Meteoran Shapeshifter began the quest for the
                  | Orb.
     0 | D:1      | Reached XP level 1. HP: 17/17 MP: 2/2
    48 | D:1      | Reached XP level 2. HP: 19/25 MP: 3/3
   278 | D:1      | Reached XP level 3. HP: 26/30 MP: 4/4
   427 | D:1      | HP: 1/30 [frozen (4)]
   434 | D:1      | HP: 1/30 [kobold/stone (2)]
   504 | D:1      | Glimpsed the power of Zot.
   584 | D:2      | Reached XP level 4. HP: 20/37 MP: 5/5
   695 | D:2      | Reached XP level 5. HP: 10/45 MP: 6/6
   982 | D:3      | Noticed Grinder
   985 | D:3      | Paralysed by Grinder for 3 turns
   991 | D:3      | Paralysed by Grinder for 3 turns
  1003 | D:3      | Killed Grinder
  1004 | D:3      | Reached XP level 6. HP: 8/52 MP: 7/7
  1007 | D:3      | Found a radiant altar of Vehumet.
  1009 | D:3      | Identified the +2 dagger "Naky" {flame, Str+3}
  1120 | D:3      | Found Niecus's Assorted Antiques.
  1192 | D:4      | Noticed a black bear
  1212 | D:3      | Killed a black bear
  1213 | D:3      | Reached skill level 5 in Unarmed Combat
  1213 | D:3      | Reached XP level 7. HP: 47/59 MP: 8/8
  1285 | D:4      | Noticed a yak
  1285 | D:4      | Noticed a yak
  1285 | D:4      | Noticed a yak
  1285 | D:4      | Noticed a yak
  1308 | D:3      | Killed a yak
  1309 | D:3      | Reached skill level 5 in Shapeshifting
  1337 | D:3      | Found a runed translucent door.
  1338 | D:3      | Noticed Crazy Yiuf
  1346 | D:3      | Mangled by Crazy Yiuf

Illustrated notes

Levels and vault maps discovered:
D:1:      nzn_arrival_depleted_hourglass, layout_loops_corners,
          minmay_misc_feat_doors, st_stairs_3
D:2:      layout_rooms
D:3:      layout_basic, lemuel_round_altar, serial_shops, shop, uniq_grinder,
          uniq_jessica, uniq_ijyb, uniq_crazy_yiuf_cottage
D:4:      layout_rooms, nemelex_dance_club_becter, nicolae_the_louvre

Skill      XL: |  1  2  3  4  5  6  7 |
---------------+----------------------+-----
Unarmed Combat | 3 4 5 |  5.8
Dodging        | 3 4 |  4.8
Shapeshifting  | 4 5 |  5.0
Fighting       | 3 4 |  4.3

Action                     |  1- 3 |  4- 6 |  7- 9 || total
---------------------------+-------+-------+-------++-------
  Melee: Unarmed           |    94 |    82 |    31 ||   207
         Punch             |     2 |     1 |     2 ||     5
    Use: Potion            |       |     1 |       ||     1
 Armour: Animal skin       |    12 |     4 |       ||    16
         Skin              |       |     9 |       ||     9
         Ring mail         |       |    35 |     8 ||    43
  Dodge: Dodged            |    51 |    52 |     7 ||   110

Table legend: (Time is in decaauts)
 A = Elapsed time spent in this place.
 B = Non-inter-level travel time spent in this place.
 C = Inter-level travel time spent in this place.
 D = Time resting spent in this place.
 E = Time spent auto-exploring this place.
 F = Levels seen in this place.
 G = Mean time per level.
                   A        B        C        D        E       F      G
               +--------+--------+--------+--------+--------+-----+--------+
         Total |   1332 |   1332 |      0 |      2 |    771 |   4 |  333.0 |
       Dungeon |   1332 |   1332 |      0 |      2 |    771 |   4 |  333.0 |
               +--------+--------+--------+--------+--------+-----+--------+

Top non-repeatable levels by time:
     D:1: 507 daAuts
     D:2: 434 daAuts
     D:3: 287 daAuts
     D:4: 103 daAuts
